AoeStats
← Elmatz

Arabia

504551481Analyzed
3v3 RM · 28d ago on Sep 5, 2026· 25m 55s· 6 players
Game mode
Random Map
Map size
Normal (6 player)
Population
200
Speed
Normal
Resources
Standard
Victory
Conquest
Starting age
Dark Age
Ending age
Imperial Age
RankedLock teamsTeams togetherTeam positionsShared explorationLock speedFull tech treeHidden civsTurbo modeCheats
Victory
Defeat
🇵🇪 Magyars · Peru
1106
+13
🇵🇪 Huns · Peru
1106
+13
🇵🇪 Aztecs · Peru
1096
+14
🇩🇪 Romans · Germany
1063
-14
🇭🇰 Magyars · Hong Kong SAR China
1060
-14
🇷🇺 Celts · Russia
1012
-12
EinzbernMK
7:45 Loom
10:05 Feudal Age
11:26 Double-Bit Axe
19:03 Castle Age
17:45 Horse Collar
18:12 Gold Mining
18:29 Fletching
19:52 Bodkin Arrow
21:03 Padded Archer Armor
23:37 Leather Archer Armor
23:39 Heavy Plow
Dübel Dieter
6:16 Loom
9:55 Feudal Age
10:30 Double-Bit Axe
10:28 Horse Collar
18:50 Castle Age
18:30 Gold Mining
18:44 Stone Mining
21:24 Gold Shaft Mining
22:44 Wheelbarrow
24:07 Bow Saw
24:06 Heavy Plow
FinnMaccool
0:28 Loom
11:53 Feudal Age
12:47 Double-Bit Axe
12:45 Horse Collar
18:30 Castle Age
18:38 Pikeman
19:42 Bow Saw
23:26 Scale Mail Armor
Elmatz
9:58 Feudal Age
10:32 Loom
10:58 Double-Bit Axe
10:57 Horse Collar
18:23 Castle Age
16:43 Scale Barding Armor
17:21 Gold Mining
18:10 Bloodlines
19:38 Husbandry
19:45 Heavy Plow
22:54 Wheelbarrow
25:01 Hand Cart
.:LUSHO:.
9:19 Loom
11:27 Feudal Age
12:27 Double-Bit Axe
12:23 Horse Collar
16:00 Wheelbarrow
21:56 Castle Age
21:06 Fletching
21:22 Gold Mining
22:10 Crossbowman
23:08 Padded Archer Armor
24:35 Bodkin Arrow
25:20 Gold Shaft Mining
25:04 Bow Saw
Diegotzu
10:34 Feudal Age
8:51 Loom
16:21 Castle Age
14:54 Horse Collar
17:01 Double-Bit Axe
19:11 Bloodlines
23:00 Scale Barding Armor
24:14 Chain Barding Armor
Connection lost

Rejoining the realm…

Still unreachable

The connection could not be restored.

Session expired

The server has moved on; the page needs a fresh start.